 Dungeon Crawl Stone Soup version 0.24.0-13-gcf9b319 (webtiles) character file.

Game seed: 15621415324700856814, levelgen mode: deterministic

230 Boetheseconed the Bolt Thrower (level 5, -1/41 HPs)
             Began as a Demonspawn Wanderer on Nov 27, 2019.
             Was an Initiate of Wu Jian.
             Slain by a gnoll
             ... wielding a +0 spear
              (10 damage)
             ... on level 4 of the Dungeon.
             The game lasted 00:14:53 (2380 turns).

Boetheseconed the Bolt Thrower (DsWn)               Turns: 2380, Time: 00:14:53

Health: -1/41      AC:  5    Str: 15    XL:     5   Next: 72%
Magic:  5/5        EV: 12    Int: 11    God:    Wu Jian [......]
Gold:   129        SH:  0    Dex: 13    Spells: 4/4 levels left

rFire    + . .     SeeInvis .   y - +3 quarterstaff (chaos)
rCold    . . .     Gourm    .   (shield currently unavailable)
rNeg     . . .     Faith    .   e - +0 robe
rPois    .         Spirit   .   (helmet restricted)
rElec    .         Reflect  .   (no cloak)
rCorr    .         Harm     .   (no gloves)
MR       .....                  q - +0 pair of boots
Stlth    ++........             (no amulet)
HPRegen  0.13/turn              (no ring)
MPRegen  0.09/turn              (no ring)

@: no status effects
A: antennae 1, iridescent scales 1, fire resistance 1
a: Renounce Religion


You were on level 4 of the Dungeon.
You worshipped Wu Jian.
Wu Jian was noncommittal.
You were not hungry.

You visited 1 branch of the dungeon, and saw 4 of its levels.

You collected 129 gold pieces.

Inventory:

Hand Weapons
 a - a +2 hand crossbow
 c - a +0 short sword
 y - a +3 quarterstaff of chaos (weapon)
Missiles
 b - 47 bolts
 j - 49 poisoned darts (quivered)
 C - 5 javelins
Armour
 e - a +0 robe (worn)
 q - a +0 pair of boots (worn)
Scrolls
 g - 6 scrolls of teleportation {unknown}
 i - 6 scrolls of identify {unknown}
 k - 2 scrolls of fear {unknown}
 m - a scroll of blinking {unknown}
 o - a scroll of immolation {unknown}
 r - 2 scrolls of remove curse {unknown}
 u - a scroll of magic mapping {unknown}
 v - a scroll of fog {unknown}
 w - a scroll of enchant armour {unknown}
Potions
 d - a potion of lignification
 h - a potion of mutation {unknown}
 l - a potion of resistance {unknown}
 n - 3 potions of heal wounds {unknown}
 p - a potion of cancellation {unknown}
 s - a potion of magic {unknown}
 t - a potion of invisibility {unknown}
 x - a potion of berserk rage {unknown}
 z - 2 potions of curing {unknown}
 A - a potion of degeneration {unknown}
Comestibles
 f - 7 rations
 B - 8 chunks of flesh


   Skills:
 + Level 3.2 Fighting
 + Level 1.2 Short Blades
 + Level 4.0 Crossbows
 + Level 1.0 Throwing
 + Level 2.1 Armour
 + Level 1.4 Dodging
 + Level 1.4 Stealth
   Level 1.0 Evocations


You had 4 spell levels left.
You didn't know any spells.
Your spell library was empty.

Dungeon Overview and Level Annotations

Branches:
Dungeon (4/15)
 Temple: D:4-7

Altars:
Trog
Wu Jian


Innate Abilities, Weirdness & Mutations

You have a pair of small antennae on your head.
You are partially covered in iridescent scales. (AC +2)
Your flesh is heat resistant. (rF+)


Message History

You closely miss the gnoll.
The gnoll is almost dead.
The gnoll completely misses you. The gnoll hits you.
You hit the gnoll but do no damage.
The gnoll is almost dead.
The gnoll hits you from afar with a +0 spear.
The gnoll hits you but does no damage. The gnoll barely misses you.
The gnoll hits you!
* * * LOW HITPOINT WARNING * * *
You closely miss the gnoll.
The gnoll is almost dead.
The gnoll closely misses you. The gnoll misses you.
You hit the gnoll.
You kill the gnoll!
The Council accepts your kill.
The gnoll hits you from afar with a +0 spear.
* * * LOW HITPOINT WARNING * * *
You lunge at the gnoll, but your attack speed is too slow for a blow to land.
The gnoll hits you with a +0 spear!
You die...

## .#### ....#
.##.###################
...............)@g....#
###.#################.#
###.#........#
....#.######.#.
#####.#........
...............
..............
..........##.
###..#..#.#


You could see a gnoll.

Vanquished Creatures
  Crazy Yiuf (D:3)
  Terence (D:3)
  7 adders
  2 gnolls (D:4)
  An ooze (D:2)
  3 worms
  2 dart slugs (D:2)
  2 leopard geckos
  An orc (D:2)
  9 bats
  4 giant cockroaches
  7 goblins
  4 hobgoblins
  3 jackals (D:4)
  12 kobolds
  3 quokkas
  10 frilled lizards
  6 rats
78 creatures vanquished.

Notes
Turn   | Place    | Note
-------+----------+-------------------------------------------
     0 | D:1      | Boetheseconed the Demonspawn Wanderer began the quest for
                  | the Orb.
     0 | D:1      | Boetheseconed set off with the following items: a +2 hand
                  | crossbow, 30 bolts, a +0 short sword, a potion of
                  | lignification, a +0 robe, a ration
     0 | D:1      | Reached XP level 1. HP: 16/16 MP: 1/1
   112 | D:1      | Gained mutation: You are partially covered in iridescent
                  | scales. (AC +2) [demonic ancestry]
   112 | D:1      | Reached XP level 2. HP: 23/23 MP: 2/2
   828 | D:2      | Gained mutation: Your flesh is heat resistant. (rF+)
                  | [demonic ancestry]
   828 | D:2      | Reached XP level 3. HP: 28/28 MP: 3/3
   871 | D:2      | Reached skill level 2 in Crossbows
   971 | D:2      | Found a bloodstained altar of Trog.
  1019 | D:2      | Gained mutation: You have a pair of small antennae on your
                  | head. [demonic ancestry]
  1019 | D:2      | Reached XP level 4. HP: 34/34 MP: 4/4
  1043 | D:2      | Found an ornate altar of the Wu Jian Council.
  1136 | D:2      | Reached skill level 3 in Crossbows
  1373 | D:3      | Noticed Terence
  1381 | D:3      | Killed Terence
  1419 | D:3      | Reached XP level 5. HP: 15/39 MP: 5/5
  2088 | D:3      | Found a runed translucent door.
  2089 | D:3      | Noticed Crazy Yiuf
  2096 | D:3      | Killed Crazy Yiuf
  2096 | D:3      | Reached skill level 4 in Crossbows
  2262 | D:2      | Became a worshipper of the Wu Jian Council
  2380 | D:4      | Slain by a gnoll

Levels and vault maps discovered:
D:1:      lemuel_arrival_room, layout_basic
D:2:      layout_rooms, lemuel_doored_altar, lemuel_crystal_altar, first_ration
D:3:      layout_loops_ring, uniq_crazy_yiuf_cottage, uniq_terence
D:4:      layout_basic, minmay_misc_feat_doors, trog_book

Skill      XL: |  1  2  3  4  5 |
---------------+----------------+-----
Armour         | 2 |  2.1
Crossbows      | 2 3 4 |  4.0
Fighting       | 3 |  3.2
Short Blades   | |  1.2
Throwing       | |  1.0
Dodging        | |  1.4
Stealth        | |  1.4
Evocations     | |  1.0

Action                   |  1- 3 |  4- 6 || total
-------------------------+-------+-------++-------
Melee: Quarterstaff      |       |    16 ||    16
 Fire: Hand crossbow     |    74 |    84 ||   158
Invok: Lunge             |       |     1 ||     1
  Eat: Chunk             |       |     4 ||     4
Armor: Robe              |     3 |    12 ||    15
Dodge: Dodged            |     7 |    24 ||    31
